 Dungeon Crawl Stone Soup version 0.26-a0-110-g95b6527cb0 (webtiles) character file.

Game seed: 2241603526082944977

758 Gargoyl the Skirmisher (level 7, -6/63 HPs)
             Began as a Centaur Abyssal Knight on June 23, 2020.
             Was a Believer of Lugonu.
             Mangled by a worm (9 damage)
             ... on level 2 of the Dungeon.
             The game lasted 00:03:31 (1648 turns).

Gargoyl the Skirmisher (Centaur Abyssal Knight)     Turns: 1648, Time: 00:03:32

Health: -6/63      AC:  8    Str: 15    XL:     7   Next: 50%
Magic:  9/9        EV:  7    Int: 11    God:    Lugonu [**....]
Gold:   124        SH:  0    Dex: 16    Spells: 6/6 levels left

rFire    . . .     SeeInvis .   a - +1 hand axe
rCold    . . .     Faith    .   (no shield)
rNeg     . . .     Spirit   .   d - +0 scale mail
rPois    .         Reflect  .   n - +1 helmet
rElec    .         Harm     .   (no cloak)
rCorr    .                      (no gloves)
MR       .....                  (no barding)
Stlth    ..........             (no amulet)
HPRegen  0.20/turn              i - +6 ring of dexterity
MPRegen  0.11/turn              (no ring)

@: lethally poisoned (-6 -> -7), hasted and slowed, very quick
A: large, hooves 3, deformed body, speed 2, tough skin 3
a: Depart the Abyss, Bend Space, Renounce Religion


You were on level 2 of the Dungeon.
You worshipped Lugonu.
Lugonu was pleased with you.
You were hungry.

You visited 1 branch of the dungeon, and saw 2 of its levels.
You visited the Abyss 1 time.

You collected 124 gold pieces.

Inventory:

Hand Weapons
 a - a +1 hand axe (weapon)
Armour
 d - a +0 scale mail (worn)
 n - a +1 helmet (worn)
Jewellery
 i - a +6 ring of dexterity (left hand)
Potions
 b - 2 potions of curing {unknown}
 k - a potion of haste
 l - 2 potions of stabbing {unknown}
 m - a potion of magic {unknown}
Miscellaneous
 e - a lightning rod (1/4)
Comestibles
 c - 4 rations
 g - 2 chunks of flesh


   Skills:
 + Level 6.3 Fighting
 + Level 3.5 Axes
 * Level 3.1 Armour
 * Level 1.2 Dodging
 * Level 3.6 Invocations
 + Level 0.8 Evocations


You had 6 spell levels left.
You didn't know any spells.
Your spell library was empty.

Dungeon Overview and Level Annotations

Branches:
Dungeon (2/15)

Altars:
Gozag

Shops:
D:2 *

Annotations:
D:2 Natasha


Innate Abilities, Weirdness & Mutations

You have hooves in place of feet.
Armour fits poorly on your strangely shaped body.
You cover ground very quickly.
You have extremely tough skin. (AC +3)


Message History

* * * LOW HITPOINT WARNING * * *
The orc wizard hits you but does no damage.
Something claws you.
* * * LOW HITPOINT WARNING * * *
The worm completely misses you.
The orc wizard points at you and mumbles some strange words.
The magic dart hits you.
* * * LOW HITPOINT WARNING * * *
You barely miss something. You hit the worm. You barely miss the orc wizard.
Something claws you.
* * * LOW HITPOINT WARNING * * *
The orc wizard hits you but does no damage.
The worm bites you.
* * * LOW HITPOINT WARNING * * *
Something claws you but does no damage.
It was a potion of haste.
You feel yourself speed up.
You feel sick. The orc wizard barely misses you. Something claws you.
* * * LOW HITPOINT WARNING * * *
The orc wizard barely misses you. The worm bites you!
You die...

###......# ##.#..........÷.......
.........# ##.#.................
##.......# ###.#...#..#.#..#...#
......##.......#.######...######.
.#+#####.######.#...#..#.#..#...#
.........# ##.#....8.......8....
......##.# #.#..................
......# #.#.o...8.........8...
#####... #.#..)@................
## #.#...w{...8.......8÷...
.#......................
#.......................
........................
#####.#......######.####
#.#......# #.. ..#......# ## ..


You could see a worm and an orc wizard.

Vanquished Creatures
  A freezing wraith (Abyss:2)
  A blink frog (Abyss:2)
  Sigmund (D:2)
  An orc wizard (D:2)
  Natasha (twice) (D:2)
  3 adders (D:2)
  2 worms (D:2)
  5 dart slugs
  2 leopard geckos
  An orc (D:2)
  2 giant cockroaches (D:1)
  9 goblins
  9 hobgoblins
  2 jackals (D:1)
  4 bats
  2 frilled lizards
  3 kobolds (D:1)
  5 rats
55 creatures vanquished.

Notes
Turn   | Place    | Note
-------+----------+-------------------------------------------
     0 | Abyss:1  | Gargoyl the Centaur Abyssal Knight began the quest for the
                  | Orb.
     0 | Abyss:1  | Reached XP level 1. HP: 19/19 MP: 2/2
    65 | Abyss:2  | Noticed a freezing wraith
    69 | Abyss:2  | Noticed a blink frog
    70 | Abyss:2  | Killed a freezing wraith
    70 | Abyss:2  | Reached skill level 5 in Fighting
    70 | Abyss:2  | Reached XP level 2. HP: 29/29 MP: 4/4
    70 | Abyss:2  | Reached XP level 3. HP: 36/36 MP: 5/5
    70 | Abyss:2  | Reached XP level 4. HP: 42/42 MP: 6/6
    70 | Abyss:2  | Reached XP level 5. HP: 48/48 MP: 7/7
    72 | Abyss:2  | Killed a blink frog
    72 | Abyss:2  | Reached skill level 6 in Fighting
    72 | Abyss:2  | Reached XP level 6. HP: 57/57 MP: 8/8
    73 | Abyss:2  | Noticed a blink frog
    73 | Abyss:2  | Noticed a smoke demon
    87 | D:1      | Escaped the Abyss
   329 | D:1      | Reached * piety under Lugonu
  1150 | D:2      | Found Gozag's Platinum Reserve.
  1196 | D:2      | Found an opulent altar of Gozag.
  1332 | D:2      | Noticed Natasha
  1334 | D:2      | Killed Natasha
  1334 | D:2      | Reached XP level 7. HP: 63/63 MP: 9/9
  1348 | D:2      | Noticed Sigmund
  1360 | D:2      | Killed Sigmund
  1360 | D:2      | Reached skill level 1 in Dodging
  1375 | D:2      | Reached ** piety under Lugonu
  1602 | D:2      | Noticed Natasha
  1608 | D:2      | Killed Natasha
  1636 | D:2      | Noticed Natasha
  1648 | D:2      | HP: 3/63 [something (3)]
  1648 | D:2      | Mangled by a worm

Illustrated notes

Levels and vault maps discovered:
D:1:      eino_arrival_water_cross, layout_loops_cross, palyth_stone_intersect
D:2:      wad_pebble_path, layout_basic, nicolae_gozag_zags_fifth_avenue,
          uniq_sigmund, uniq_natasha

Skill      XL: |  1  2  3  4  5  6  7 |
---------------+----------------------+-----
Fighting       | 5 6 |  6.3
Axes           | 2 3 |  3.5
Armour         | 2 3 |  3.1
Invocations    | 3 |  3.6
Dodging        | 1 |  1.2
Evocations     | |  0.8

Action                   |  1- 3 |  4- 6 |  7- 9 || total
-------------------------+-------+-------+-------++-------
Melee: Hand axe          |       |    92 |    29 ||   121
       Kick              |       |    23 |     9 ||    32
Invok: Depart the Abyss  |       |     1 |       ||     1
Evoke: Lightning rod     |     3 |     6 |       ||     9
  Use: Potion            |     1 |       |     1 ||     2
       Scroll            |       |     5 |       ||     5
  Eat: Chunk             |       |     1 |       ||     1
Armor: Scale mail        |       |    45 |    20 ||    65
Dodge: Dodged            |       |    40 |    22 ||    62

Table legend:
 A = Non-vault XP
 B = Vault XP
 C = Vault XP percentage of total XP
 D = Non-vault monster count
 E = Vault monster count
 F = Vault count percentage of total count
                 A         B        C        D         E       F
            +---------+---------+-------+---------+---------+-------
      Total |     836 |     247 |  22.8 |      53 |       2 |   3.6
            +---------+---------+-------+---------+---------+-------
        D:1 |      58 |       0 |   0.0 |      29 |       0 |   0.0
        D:2 |     156 |     247 |  61.3 |      22 |       2 |   8.3
    Abyss:2 |     622 |       0 |   0.0 |       2 |       0 |   0.0
            +---------+---------+-------+---------+---------+-------
